 Dungeon Crawl Stone Soup version 0.28-a0-845-gfc338a8e3c (webtiles) character file.

Game seed: 984252753712333210

11227 Crownlay the Thaumaturge (level 11, -11/54 HPs)
             Began as a Gargoyle Earth Elementalist on Nov 12, 2021.
             Was an Elder of Vehumet.
             Mangled by a boulder beetle (46 damage)
             ... on level 11 of the Dungeon.
             The game lasted 00:29:06 (13650 turns).

Crownlay the Thaumaturge (GrEE)                    Turns: 13650, Time: 00:29:07

Health: -11/54     AC: 21    Str: 12    XL:     11   Next: 74%
Magic:  5/28       EV: 12    Int: 19    God:    Vehumet [****..]
Gold:   2731       SH:  0    Dex: 13    Spells: 24/37 levels left

rFire   . . .      SeeInvis +   d - staff of conjuration
rCold   + . .      Faith    .   (no shield)
rNeg    + . .      Spirit   .   G - +0 steam dragon scales
rPois   ∞          Reflect  .   a - +0 helmet {SInv}
rElec   +          Harm     .   J - +0 cloak
rCorr   .          Rampage  +   g - +0 pair of gloves
Will    .....                   v - +0 pair of boots of Jateyl {Rampage Drain rC+ Dex+3}
Stlth   ++........              M - amulet of magic regeneration
HPRegen 0.18/turn               l - +4 ring of protection
MPRegen 0.46/turn               L - ring of wizardry

@: no status effects
A: sickness immunity, AC +8, negative energy resistance 1, electricity
resistance, torment resistance 1, petrification resistance
a: Renounce Religion


You were on level 11 of the Dungeon.
You worshipped Vehumet.
Vehumet was greatly pleased with you.
You visited 2 branches of the dungeon, and saw 12 of its levels.

You collected 2731 gold pieces.

Inventory:

Hand Weapons
 j - a +2 hand axe of electrocution
Missiles
 c - 103 stones
 f - a throwing net
 I - 2 silver boomerangs
Armour
 a - a +0 helmet of see invisible (worn)
 g - a +0 pair of gloves (worn)
 m - a +0 kite shield
 v - the +0 pair of boots of Jateyl (worn) {Rampage Drain rC+ Dex+3}
   (You acquired it on level 10 of the Dungeon)

   Dex:       It affects your dexterity (+3).
   rC:        It protects you from cold.
   Drain:     It drains your maximum health when unequipped.
   Rampage:   It bestows one free step when moving towards enemies.
 G - +0 steam dragon scales (worn)
 J - a +0 cloak (worn)
Magical Staves
 d - a staff of conjuration (weapon)
 o - a staff of cold
Jewellery
 l - a +4 ring of protection (left hand)
 t - a ring of fire
 L - a ring of wizardry (right hand)
 M - an amulet of magic regeneration (around neck)
Wands
 z - a wand of iceblast (8)
 C - a wand of acid (5)
Scrolls
 b - 2 scrolls of magic mapping
 e - 4 scrolls of identify
 h - 2 scrolls of teleportation
 q - 3 scrolls of enchant armour
 s - 3 scrolls of fear
 y - a scroll of vulnerability {unknown}
 A - a scroll of summoning {unknown}
 B - a scroll of enchant weapon {unknown}
 E - a scroll of immolation {unknown}
 H - a scroll of fog {unknown}
Potions
 i - a potion of resistance
 k - a potion of attraction {unknown}
 n - a potion of magic
 p - 2 potions of lignification
 r - a potion of brilliance {unknown}
 u - 2 potions of mutation
 x - 2 potions of flight
 D - a potion of might
 F - 2 potions of curing


   Skills:
 - Level 1.5 Dodging
 - Level 2.1 Stealth
 * Level 13.7 Spellcasting
 + Level 4.7 Conjurations
 - Level 0.7 Transmutations
 - Level 12.0 Earth Magic


You had 24 spell levels left.
You knew the following spells:

 Your Spells              Type           Power      Damage    Failure   Level
a - Sandblast             Erth           100%       2d20      1%          1
b - Stone Arrow           Conj/Erth      100%       3d13      1%          3
c - Fulminant Prism       Conj/Hex       16%        3d11      2%          4
d - Lee's Rapid Deconstr  Erth           28%        3d16*     1%          5

Your spell library contained the following spells:

 Spells                   Type           Power      Damage    Failure   Level
 Passwall                 Tmut/Erth      30%        N/A       1%          2
 Inner Flame              Hex/Fire       13%        N/A       1%          3
 Petrify                  Tmut/Erth      37%        N/A       1%          4
 Cause Fear               Hex            6%         N/A       21%         4
 Discord                  Hex            6%         N/A       100%        8


Dungeon Overview and Level Annotations

Branches:
Dungeon (11/15)            Temple (1/1) D:4             Orc (0/2) D:11
   Lair: D:8-11

Altars:
Cheibriados
Dithmenos
Elyvilon
Fedhas
Gozag
Hepliaklqana
Kikubaaqudgha
Makhleb
Nemelex Xobeh
Okawaru
Qazlal
Ru
Sif Muna
Trog
Uskayaw
Vehumet
Wu Jian
Xom
Yredelemnul
Beogh
Jiyva

Shops:
D:1 (   D:10 (

Annotations:
D:7 1 runed translucent door, olaf's ghost, novice GnFi
D:8 3 runed translucent doors, kipponium's ghost, novice GnCA
D:9 3 runed translucent doors, test12345's ghost, journeyman MiBe


Innate Abilities, Weirdness & Mutations

You are immune to sickness and miasma.
Your stone body is resilient. (AC +8)
You are immune to poison.
You resist negative energy. (rN+)
You are resistant to electric shocks. (rElec)
You are resistant to unholy torment.
You are immune to petrification.


Message History

The stone arrow hits the boulder beetle!!
The boulder beetle is heavily wounded.
The boulder beetle leaps!
A boulder beetle is nearby!
Casting: Stone Arrow (safe; 1% risk of failure)
Confirm with . or Enter, or press ? or * to list all spells.
Aiming: Fulminant Prism (dangerous; 2% risk of failure)
Press: ? - help, Dir - move target, p - boulder beetle You feel a surge of power!
You conjure a prism of explosive energy!
A fulminant prism comes into view.
The boulder beetle curls into a ball and begins rolling!
Casting: Fulminant Prism (dangerous; 2% risk of failure)
Confirm with . or Enter, or press ? or * to list all spells.
Aiming: Lee's Rapid Deconstruction (safe; 1% risk of failure)
Press: ? - help, Dir - move target A rock wall.
Okay, then.
Your fulminant prism crackles loudly.
Casting: Lee's Rapid Deconstruction (safe; 1% risk of failure)
Confirm with . or Enter, or press ? or * to list all spells.
Aiming: Lee's Rapid Deconstruction (safe; 1% risk of failure)
Press: ? - help, Dir - move target A rock wall.
The wall shatters!
The blast of rock fragments hits the boulder beetle!
The boulder beetle is heavily wounded.
Your fulminant prism explodes!
Casting: Lee's Rapid Deconstruction (safe; 1% risk of failure)
Confirm with . or Enter, or press ? or * to list all spells.
Aiming: Lee's Rapid Deconstruction (safe; 1% risk of failure)
Press: ? - help, Dir - move target A rock wall.
The wall shatters!
The blast of rock fragments hits the boulder beetle!
The boulder beetle is severely wounded.
The boulder beetle is no longer covered in acid.
The boulder beetle hits you!!!
Ouch! That really hurt!
You die...

#######
......#
#####.# #.#
#.#
#.############
#...........@#
#.##########B#
### #°# #°#
#)) ... ####


You could see a boulder beetle (rolling).

Vanquished Creatures
  A two-headed ogre (D:11)
  An ugly thing (D:11)
  2 manticores (D:11)
  An unseen horror (D:9)
  2 trolls (D:11)
  A hornet (D:9)
  A wyvern (D:11)
  2 shadows (D:11)
  7 yaks
  2 steam dragons (D:7)
  9 vampire mosquitoes
  Menkaure (D:5)
  An acid dragon (D:10)
  3 water moccasins
  An ice beast (D:6)
  5 orc warriors
  2 black bears
  3 sky beasts (D:7)
  2 ogres
  A phantom (D:5)
  2 kobold brigands
  12 centaurs
  4 bullfrogs
  5 scorpions
  2 water moccasin zombies
  2 water moccasin skeletons (D:5)
  A troll zombie (D:11)
  7 killer bees
  7 howler monkeys
  4 hounds
  A bullfrog zombie (D:5)
  5 centaur zombies
  A jelly (D:5)
  8 orc priests
  A centaur skeleton (D:5)
  A gnoll shaman (D:9)
  5 orc wizards
  2 iguanas
  2 killer bee zombies (D:6)
  6 ogre zombies (D:11)
  5 gnolls
  4 adders
  3 white imps
  An ufetubus (D:7)
  An adder skeleton (D:4)
  A worm (D:2)
  2 dart slugs
  35 orcs
  10 endoplasms
  A giant cockroach (D:2)
  5 goblins (D:1)
  8 hobgoblins
  8 jackals
  18 kobolds
  4 quokkas
  5 ball pythons
  5 bats
  2 frilled lizards (D:1)
  A goblin skeleton (D:11)
  2 goblin zombies (D:11)
  2 hobgoblin skeletons (D:11)
  2 hobgoblin zombies (D:11)
  3 orc skeletons (D:11)
  12 orc zombies (D:11)
  3 rats
  A spectral kobold (D:2)
270 creatures vanquished.

Vanquished Creatures (others)
  20 fulminant prisms (D:11)
20 creatures vanquished.

Grand Total: 290 creatures vanquished

Notes
Turn   | Place    | Note
-------+----------+-------------------------------------------
     0 | D:1      | Crownlay the Gargoyle Earth Elementalist began the quest
                  | for the Orb.
     0 | D:1      | Reached XP level 1. HP: 10/10 MP: 3/3
   214 | D:1      | Reached XP level 2. HP: 15/15 MP: 1/5
   584 | D:1      | Reached XP level 3. HP: 19/19 MP: 2/7
   715 | D:1      | Reached skill level 3 in Spellcasting
   888 | D:1      | Learned a level 3 spell: Stone Arrow
  1484 | D:1      | Found Efee's Weapon Shoppe.
  1551 | D:1      | Reached XP level 4. HP: 24/24 MP: 5/9
  1957 | D:2      | Found a faded altar of an unknown god.
  4070 | D:3      | Noticed a water moccasin
  4074 | D:3      | Killed a water moccasin
  4075 | D:3      | Reached skill level 4 in Spellcasting
  4075 | D:3      | Reached skill level 5 in Earth Magic
  4075 | D:3      | Reached XP level 5. HP: 28/28 MP: 5/11
  4429 | D:4      | Reached XP level 6. HP: 32/32 MP: 10/13
  4626 | D:4      | Reached skill level 5 in Spellcasting
  5217 | D:4      | Found a staircase to the Ecumenical Temple.
  5236 | Temple   | Entered the Ecumenical Temple
  5500 | Temple   | Became a worshipper of Vehumet
  5764 | D:5      | Entered Level 5 of the Dungeon
  5789 | D:5      | Reached XP level 7. HP: 36/36 MP: 11/15
  5935 | D:5      | Reached skill level 6 in Spellcasting
  5981 | D:5      | Found a shimmering blue altar of Sif Muna.
  6154 | D:5      | Reached XP level 8. HP: 22/41 MP: 9/18
  6155 | D:5      | Noticed Menkaure
  6302 | D:5      | Killed Menkaure
  6303 | D:5      | Reached skill level 7 in Spellcasting
  6943 | D:6      | Reached * piety under Vehumet
  6943 | D:6      | Offered knowledge of Magic Dart by Vehumet.
  7087 | D:6      | Reached skill level 8 in Spellcasting
  7603 | D:6      | Reached XP level 9. HP: 38/45 MP: 17/21
  7625 | D:6      | Reached skill level 9 in Spellcasting
  8452 | D:7      | Found a runed translucent door.
  8453 | D:7      | Noticed olaf's ghost (novice GnFi)
  8601 | D:7      | Reached skill level 10 in Spellcasting
  8604 | D:7      | Reached ** piety under Vehumet
  8604 | D:7      | Offered knowledge of Poisonous Vapours by Vehumet.
  8820 | D:8      | Reached skill level 10 in Earth Magic
  8839 | D:8      | Reached XP level 10. HP: 50/50 MP: 21/24
  9272 | D:8      | Reached skill level 11 in Spellcasting
  9906 | D:8      | Found a runed translucent gate.
  9906 | D:8      | Found a runed translucent gate.
  9906 | D:8      | Found a runed translucent gate.
  9906 | D:8      | Noticed kipponium's ghost (novice GnCA)
 10022 | D:8      | Found a viscous altar of Jiyva.
 10495 | D:9      | Found a runed translucent gate.
 10495 | D:9      | Noticed test12345's ghost (journeyman MiBe)
 10496 | D:9      | Found a runed translucent gate.
 10498 | D:9      | Found a runed translucent gate.
 10511 | D:9      | Found a hazy altar of Hepliaklqana.
 10878 | D:9      | Offered knowledge of Ignite Poison by Vehumet.
 11400 | D:10     | Entered Level 10 of the Dungeon
 11562 | D:9      | Killed an unseen horror
 11563 | D:9      | Reached skill level 12 in Spellcasting
 11647 | D:10     | Reached *** piety under Vehumet
 11946 | D:10     | Reached XP level 11. HP: 54/54 MP: 10/27
 12571 | D:10     | Found Getwuff's Antique Weapon Shoppe.
 12701 | D:10     | Identified 4 scrolls of acquirement
 12712 | D:10     | Acquired a +0 helmet of see invisible
 12719 | D:10     | Acquired the +0 pair of boots of Jateyl {Rampage Drain rC+
                  | Dex+3}
 12732 | D:10     | Acquired 972 gold pieces
 12736 | D:10     | Acquired 1032 gold pieces
 12793 | D:11     | Reached skill level 1 in Conjurations
 12824 | D:11     | Found a blossoming altar of Fedhas.
 12824 | D:11     | Noticed a two-headed ogre
 12826 | D:11     | Noticed a white ugly thing
 12831 | D:11     | Killed a two-headed ogre
 12836 | D:11     | Killed a white ugly thing
 12837 | D:11     | Reached skill level 13 in Spellcasting
 12857 | D:11     | Offered knowledge of Fulminant Prism by Vehumet.
 13208 | D:11     | Learned a level 4 spell: Fulminant Prism
 13282 | D:11     | Reached **** piety under Vehumet
 13290 | D:11     | Noticed a manticore
 13304 | D:11     | Killed a manticore
 13374 | D:11     | Found a staircase to the Orcish Mines.
 13381 | D:11     | Offered knowledge of Lee's Rapid Deconstruction by Vehumet.
 13389 | D:11     | Learned a level 5 spell: Lee's Rapid Deconstruction
 13392 | D:11     | Noticed a manticore
 13394 | D:11     | Killed a manticore
 13641 | D:11     | Noticed a boulder beetle
 13650 | D:11     | Mangled by a boulder beetle

Illustrated notes

Levels and vault maps discovered:
D:1:      dpeg_arrival_refuge, layout_loops_ring, serial_shops, shop
D:2:      layout_basic, dreamdust_ecumenical_altar_drowned_temple, st_stairs_6
D:3:      layout_rooms, chequers_jeans
D:4:      layout_basic, minmay_temple_entry_mini_moons
D:5:      layout_cave_pools, mainiacjoe_overflow_concentric_impassable,
          kennysheep_nub, uniq_menkaure
D:6:      layout_basic
D:7:      layout_rooms, gammafunk_ghost_grave, hangedman_misty_isle
D:8:      layout_basic, gammafunk_ghost_ooze, minmay_door_square
D:9:      layout_long_grid, old_standard_altar, biasface_ghost_orc_armoury,
          nicolae_two_hexagons, chequers_arboretum
D:10:     layout_irregular_city, serial_shops, nicolae_shop_waterfront,
          st_stairs_4
D:11:     layout_basic, lair_entry_dummy, zombieorc2_lemuel,
          minmay_misc_feat_secret_circle, fedhas_altar_2, uniq_harold
Temple:   mainiacjoe_temple_big_plus

Skill      XL: |  1  2  3  4  5  6  7  8  9 10 11 |
---------------+----------------------------------+-----
Earth Magic    | 4 5 6 7 8 10 11 12 | 12.0
Spellcasting   | 3 4 5 6 8 10 12 13 | 13.7
Conjurations   | 4 |  4.7
Dodging        | |  1.5
Stealth        | |  2.1
Transmutations | |  0.7

Action                   |  1- 3 |  4- 6 |  7- 9 | 10-12 || total
-------------------------+-------+-------+-------+-------++-------
Melee: Dagger            |    35 |    89 |       |       ||   124
       Staff             |       |       |       |     8 ||     8
 Cast: Sandblast         |    31 |    53 |   144 |    49 ||   277
       Stone Arrow       |     3 |    26 |     8 |   128 ||   165
       Fulminant Prism   |       |       |       |    20 ||    20
       Lee's Rapid Decon |       |       |       |    11 ||    11
Evoke: Wand              |       |       |       |     2 ||     2
  Use: Scroll            |       |     6 |     1 |    11 ||    18
Armor: Robe              |    13 |    40 |    28 |       ||    81
       Steam dragon scal |       |       |     3 |   100 ||   103
Dodge: Dodged            |    18 |    60 |    51 |    63 ||   192

Table legend: (Time is in decaauts)
 A = Elapsed time spent in this place.
 B = Non-inter-level travel time spent in this place.
 C = Inter-level travel time spent in this place.
 D = Time resting spent in this place.
 E = Time spent auto-exploring this place.
 F = Levels seen in this place.
 G = Mean time per level.
                   A        B        C        D        E       F      G
               +--------+--------+--------+--------+--------+-----+--------+
         Total |  13659 |  13312 |    347 |     70 |  11549 |  12 | 1138.2 |
       Dungeon |  13362 |  13045 |    317 |     70 |  11294 |  11 | 1214.7 |
        Temple |    297 |    267 |     30 |      0 |    255 |   1 |  297.0 |
               +--------+--------+--------+--------+--------+-----+--------+

Top non-repeatable levels by time:
     D:1: 1827 daAuts
     D:2: 1795 daAuts
     D:9: 1687 daAuts
     D:6: 1417 daAuts
     D:4: 1154 daAuts
     D:8: 1072 daAuts
     D:5: 1059 daAuts
    D:10: 1002 daAuts
    D:11: 901 daAuts
     D:3: 803 daAuts
     D:7: 640 daAuts
  Temple: 297 daAuts
